 Dungeon Crawl Stone Soup version 0.29.0-4-gdea44cf6ec (webtiles) character file.

Game seed: 3505592941152679032

7 qw the Chopper (level 2, -8/17 HPs)
             Began as a Tengu Warper on Aug 29, 2022.
             Mangled by a worm (10 damage)
             ... on level 1 of the Dungeon.
             The game lasted 00:00:07 (491 turns).

qw the Chopper (Tengu Warper)                        Turns: 491, Time: 00:00:08

Health: -8/17      AC:  5    Str: 11    XL:     2   Next: 4%
Magic:  6/6        EV: 10    Int: 13    God:
Gold:   88         SH:  0    Dex: 13    Spells: 5/5 levels left

rFire   . . .      SeeInvis .   Y - +1 hand axe
rCold   . . .      Faith    .   (no shield)
rNeg    . . .      Spirit   .   l - +0 ring mail
rPois   .          Reflect  .   (helmet restricted)
rElec   .          Harm     .   (no cloak)
rCorr   .          Rampage  .   (no gloves)
Will    .....                   (boots unavailable)
Stlth   +.........              (no amulet)
HPRegen 0.05/turn               (no ring)
MPRegen 0.10/turn               (no ring)

@: no status effects
A: beak, talons 3
a: no special abilities


You were on level 1 of the Dungeon.
You visited 1 branch of the dungeon, and saw 2 of its levels.

You collected 88 gold pieces.


Innate Abilities, Weirdness & Mutations

You have a beak for a mouth.
You have claws for feet.


   Skills:
 - Level 2.0 Fighting
 + Level 3.0 Axes
 - Level 1.0 Throwing
 - Level 1.1 Armour
 - Level 2.1 Dodging
 - Level 2.0 Spellcasting
 - Level 2.4 Translocations


You had 5 spell levels left.
You didn't know any spells.
Your spell library contained the following spells:

 Spells                   Type           Power      Damage    Failure   Level
 Blink                    Tloc           14%        N/A       34%         2
 Gell's Gravitas          Tloc           7%         N/A       56%         3
 Lesser Beckoning         Tloc           7%         N/A       56%         3
 Teleport Other           Tloc           7%         N/A       56%         3
 Manifold Assault         Tloc           7%         N/A       99%         5

Inventory:

Hand Weapons
 d - a +0 morningstar
 Y - a +1 hand axe (weapon)
Armour
 l - a +0 ring mail (worn)
Scrolls
 h - a scroll of identify
Potions
 i - a potion of mutation

Dungeon Overview and Level Annotations

Branches:
Dungeon (2/15)

Altars:

Shops:
D:1 !


Message History

431 ||| DROPPING scroll of blinking.
You drop a scroll of blinking.
Done exploring.
432 ||| DROPPING potion of flight.
You drop a potion of flight.
Done exploring.
(D) Dungeon
Where to? (* - list waypoints, ? - help)
What level of the Dungeon? (default 1, ? - help)
You swap places.
You swap places.
Things that are here:
a +0 whip; 2 stones; a kobold corpse You are starting to lose your buoyancy.
There is a stone staircase leading down here.
You float gracefully downwards.
You climb downwards.
The frilled lizard hisses angrily.
Found a glowing cabochon ring, a short sword and a ring mail.
There is a stone staircase leading up here.
There are monsters nearby!
Existing waypoints: (2) D:1 Assign waypoint to what number? (0-9, D - delete waypoint) Waypoint 1 assigned to D:2.
486 ||| STAIRDANCE You climb upwards.
There is a stone staircase leading down here.
You barely miss the worm. You claw the worm.
The worm is lightly wounded.
The worm bites you!
You hit the worm but do no damage.
The worm is lightly wounded.
The worm bites you!
You hit the worm. You claw the worm, but do no damage.
You peck the worm, but do no damage.
The worm is lightly wounded.
You hit the worm but do no damage. Your kick misses the worm.
The worm is lightly wounded.
The worm bites you!
Ouch! That really hurt!
You die...

#....<..## ###
##.......# ###..#..#
######..# ##.......#
## #.......## #.
######..###### #.
#...##..###### ##.
#w@.##.......####..
#...###.......##...
#...# ######..##...
#...########.)##...
#.........#.....###
#.......###....####
##.......#..)##.....
#>.........####.....
##...(....}.}.#.....


You could see a worm.

Vanquished Creatures
  A giant cockroach (D:1)
  A goblin (D:1)
  3 kobolds (D:1)
  A rat (D:1)
6 creatures vanquished.

Notes
Turn   | Place    | Note
-------+----------+-------------------------------------------
     0 | D:1      | qw the Tengu Warper began the quest for the Orb.
     0 | D:1      | Reached XP level 1. HP: 12/12 MP: 4/4
     0 | D:1      | 0 ||| qw: Version: 0.1-a-89-g26bdef1
     0 | D:1      | 0 ||| qw: Game counter: 3610
     0 | D:1      | 0 ||| qw: Always use a shield: true
     0 | D:1      | 0 ||| qw: God list: Okawaru
     0 | D:1      | 0 ||| qw: Allow faded altars: false
     0 | D:1      | 0 ||| qw: Do Orc after D:15 true
     0 | D:1      | 0 ||| qw: Do second Lair branch before Depths: true
     0 | D:1      | 0 ||| qw: Lair rune preference: random
     0 | D:1      | 0 ||| qw: Plans: Normal
     0 | D:1      | 0 ||| PLANNING D:1-11
    28 | D:1      | Found Cepi's Distillery.
    32 | D:1      | 32 ||| SHOPLISTING 2 potions of curing (78 gold, have 0).
    32 | D:1      | 32 ||| SHOPLISTING potion of curing (39 gold, have 0).
    32 | D:1      | 32 ||| SHOPLISTING potion of haste (130 gold, have 0).
    32 | D:1      | 32 ||| SHOPLISTING potion of heal wounds (65 gold, have 0).
    32 | D:1      | 32 ||| SHOPLISTING potion of mutation (104 gold, have 0).
   179 | D:1      | Found a faded altar of an unknown god.
   383 | D:1      | Reached skill level 3 in Axes
   383 | D:1      | Reached XP level 2. HP: 16/17 MP: 6/6
   413 | D:1      | 413 ||| UPGRADING to +0 ring mail.
   423 | D:1      | 423 ||| DROPPING +0 leather armour.
   424 | D:1      | 424 ||| READING scroll labelled LUMPYTT FUPN.
   425 | D:1      | 425 ||| READING scroll labelled KEF DEFULIREA.
   426 | D:1      | 426 ||| READING 3 scrolls labelled LEH YRRIYL.
   427 | D:1      | 427 ||| READING scroll labelled SEIK KI TUWOSTITU.
   428 | D:1      | 428 ||| READING scroll labelled AKLAIR GICONT.
   429 | D:1      | 429 ||| DRINKING 2 brown potions.
   430 | D:1      | 430 ||| READING 2 scrolls of identify.
   430 | D:1      | 430 ||| IDENTIFYING yellow potion
   431 | D:1      | 431 ||| DROPPING scroll of blinking.
   432 | D:1      | 432 ||| DROPPING potion of flight.
   486 | D:2      | 486 ||| STAIRDANCE
   489 | D:1      | HP: 2/17 [worm (8)]
   491 | D:1      | Mangled by a worm

Levels and vault maps discovered:
D:1:      minmay_arrival_wavy_path, layout_rooms, serial_shops, shop_fountains,
          basic_ecumenical_altar
D:2:      layout_rooms

Skill      XL: |  1 |
---------------+----+-----
Axes           | 3 |  3.0
Fighting       | |  2.0
Throwing       | |  1.0
Armour         | |  1.1
Dodging        | |  2.1
Spellcasting   | |  2.0
Translocations | |  2.4

Action                   || total
-------------------------++-------
Melee: Hand axe          ||    11
       Kick              ||     4
       Peck              ||     3
Throw: Boomerang         ||     7
  Use: Scroll            ||     6
       Potion            ||     1
Armor: Leather armour    ||     4
Dodge: Dodged            ||     4

Table legend:
 A = Non-vault XP
 B = Vault XP
 C = Vault XP percentage of total XP
 D = Non-vault monster count
 E = Vault monster count
 F = Vault count percentage of total count
                 A         B        C        D         E       F
            +---------+---------+-------+---------+---------+-------
      Total |      11 |       0 |   0.0 |       6 |       0 |   0.0
            +---------+---------+-------+---------+---------+-------
        D:1 |      11 |       0 |   0.0 |       6 |       0 |   0.0
            +---------+---------+-------+---------+---------+-------
